Map: Thunderbird LE

Players

JellyB - Winner!

  • Race: Protoss Protoss
  • League: Master
  • Spawn Location: 5:00

Mez

  • Race: Terran Terran
  • League: Master
  • Spawn Location: 11:00

VOD

Have the link to the VOD?

Description

Time

  • Played on: Aug. 10, 2019, 4:17 p.m.
  • Length: 8:18
Show
View Real Time Build Order
Export as new Build Order

JellyB Protoss - Winner!

Build Orders: Mass Adepts 

Get SALT Encoding   

  12  0:02  Probe  
  13  0:14  Probe  
  14  0:17  Pylon  
  14  0:29  Probe  
  15  0:37  Gateway  
  15  0:41  Probe  
  16  0:54  Pylon  
  16  0:58  Probe  
  16  1:02  Assimilator  
  17  1:12  Gateway  
  17  1:20  Probe  
  17  1:25  Cybernetics Core  
  18  1:32  Probe  
  19  1:44  Probe  
  20  1:56  Probe  
  20  1:57  Adept  
  21  2:06  Adept  
  21  2:08  Probe  
  25  2:12  Warp Gate  
  25  2:18  Adept  
  25  2:20  Probe  
  26  2:23  Pylon  
  28  2:32  Probe  
  28  2:34  Adept  
  31  2:44  Probe  
  32  2:51  Adept  
  32  2:56  Probe  
  35  3:08  Nexus  
  35  3:19  Adept  
  35  3:32  Probe  
  38  3:37  Gateway  
  38  3:38  Gateway  
  38  3:40  Gateway  
  38  3:44  Probe  
  39  4:00  Twilight Council  
  39  4:06  Pylon  
  39  4:19  Probe  
  36  4:26  Adept x2  
  36  4:27  Charge  
  36  4:30  Probe  
  40  4:31  Probe  
  41  4:40  Probe  
  41  4:43  Adept x3, Probe  
  49  4:48  Probe  
  50  4:56  Probe x2  
  52  5:08  Probe x2  
  52  5:11  Forge  
  52  5:12  Gateway  
  54  5:16  Protoss Ground Armor Level 1  
  54  5:20  Probe  
  55  5:38  Probe  
  55  5:40  Zealot x3  
  62  5:45  Pylon  
  62  5:46  Pylon  
  62  5:48  Pylon  
  62  5:51  Pylon  
  62  5:55  Gateway x2  
  62  5:58  Pylon  
  62  6:03  Probe x2  
  64  6:15  Probe  
  51  6:33  Probe  
  51  6:34  Zealot x6  
  51  6:35  Probe  
  61  6:45  Probe  
  62  6:47  Probe, Nexus  
  62  6:49  Pylon  
  62  6:52  Stalker  
  62  6:53  Stalker  
  67  6:57  Probe  
  67  6:59  Probe  
  69  7:09  Zealot x2, Probe  
  69  7:10  Zealot x3  
  69  7:14  Probe  
  81  7:21  Probe  
  82  7:22  Assimilator  
  82  7:26  Probe  
  82  7:28  Stalker x2  
  87  7:32  Zealot x2  
  87  7:33  Zealot x2  
  95  7:56  Probe  
  96  8:00  Pylon  
  96  8:01  Pylon  
  96  8:02  Zealot x4  
  96  8:03  Zealot  
  96  8:04  Pylon  
  106  8:07  Pylon  
Show
View Real Time Build Order
Export as new Build Order

Mez Terran 

Build Orders: Reaper Expand 

Get SALT Encoding   

  12  0:00  SCV  
  13  0:12  SCV  
  14  0:17  Supply Depot  
  14  0:25  SCV  
  15  0:38  SCV  
  15  0:41  Barracks  
  16  0:44  Refinery  
  16  0:50  SCV  
  17  1:02  SCV  
  18  1:15  SCV  
  19  1:28  Reaper, Orbital Command  
  20  1:48  Command Center  
  20  1:51  Bunker  
  20  1:55  SCV  
  21  2:02  Barracks Reactor  
  21  2:07  SCV  
  22  2:20  SCV  
  22  2:21  Supply Depot  
  23  2:37  SCV, Command Center  
  23  2:42  Marine x2  
  25  2:49  SCV  
  25  2:54  Factory  
  25  3:01  SCV, Marine x2  
  28  3:19  Marine x2  
  28  3:27  SCV  
  29  3:37  Marine x2  
  29  3:38  Refinery  
  31  3:49  Widow Mine, SCV  
  31  3:55  Marine x2  
  35  4:01  SCV  
  36  4:03  Starport  
  36  4:12  Marine  
  36  4:13  SCV, Marine  
  36  4:15  Orbital Command  
  33  4:25  SCV  
  33  4:30  Marine  
  35  4:37  SCV  
  35  4:38  Orbital Command  
  35  4:41  Widow Mine  
  35  4:42  Starport Tech Lab  
  35  4:45  SCV  
  38  4:53  Marine x2  
  40  5:03  Factory Tech Lab  
  40  5:07  Raven  
  40  5:08  SCV x3  
  45  5:17  Marine  
  45  5:18  Marine  
  46  5:30  Siege Tank  
  46  5:31  SCV x2  
  50  5:35  Marine x2  
  52  5:45  SCV x2  
  52  5:46  Barracks  
  54  5:50  SCV  
  55  6:01  Barracks  
  55  6:02  SCV x2, Starport Reactor  
  56  6:15  SCV x2  
  56  6:16  SCV  
  56  6:24  Refinery  
  56  6:25  Marine  
  56  6:32  SCV  
  56  6:33  SCV x2  
  56  6:38  Marine  
  58  6:43  Marine  
  58  6:46  SCV  
  61  6:47  SCV  
  61  6:48  Starport Reactor  
  61  6:52  Orbital Command  
  61  6:57  Refinery  
  61  7:06  Supply Depot  
  61  7:09  Supply Depot  
  61  7:15  SCV x2  
  61  7:17  SCV  
  64  7:23  Engineering Bay x2  
  64  7:28  Widow Mine x2, SCV x2  
  70  7:32  Marine x2  
  70  7:33  Medivac  
  70  7:34  Medivac  
  76  7:38  SCV, Supply Depot  
  76  7:40  SCV  
  78  7:48  Marauder x2  
  78  7:49  SCV  
  78  7:51  SCV  
  84  7:52  SCV  
  85  8:00  Marine x2  
  85  8:01  SCV  
  85  8:03  SCV, Supply Depot  
  89  8:09  Barracks  
  89  8:10  Barracks  
Tags
 
Add a new tag
Caveats
  • Supply blocks, unpowered buildings, or Contaminate may cause inaccurate times.
  • Supply counts are checked every 10 seconds.